 Dungeon Crawl Stone Soup version 0.27-a0-1071-ga85bd9520d (webtiles) character file.

Game seed: 16700517807469210414

49 senseless the Insei (level 3, -2/23 HPs)
             Began as an Octopode Transmuter on Apr 24, 2021.
             Slain by Terence
             ... wielding a +0 flail
              (8 damage)
             ... on level 2 of the Dungeon.
             The game lasted 00:03:03 (1322 turns).

senseless the Insei (Octopode Transmuter)           Turns: 1322, Time: 00:03:03

Health: -2/23      AC:  1    Str:  9    XL:     3   Next: 77%
Magic:  6/6        EV: 13    Int: 16    God:
Gold:   19         SH:  0    Dex: 12    Spells: 6/7 levels left

rFire    . . .     SeeInvis .     - Unarmed
rCold    . . .     Faith    .   (no shield)
rNeg     . . .     Spirit   .   (helmet currently unavailable)
rPois    .         Reflect  .   (no amulet)
rElec    .         Harm     .   (no ring)
rCorr    .         Rampage  .   (no ring)
Will     .....                  (no ring)
Stlth    +++.......             (no ring)
HPRegen  0.07/turn              (no ring)
MPRegen  0.10/turn              (no ring)
                                (no ring)
                                (no ring)

@: appendages (expiring)
A: tentacle spike 3, almost no armour, amphibious, 8 rings, camouflage 1,
gelatinous body 1, (nimble swimmer 1), tentacles
a: End Transformation


You were on level 2 of the Dungeon.
One of your tentacles had grown a beastly spike.
You visited 1 branch of the dungeon, and saw 2 of its levels.

You collected 19 gold pieces.

Inventory:

Potions
 d - 2 potions of heal wounds


   Skills:
 + Level 1.0 Fighting
 + Level 2.1 Dodging
 + Level 1.0 Stealth
 + Level 3.6 Unarmed Combat
 + Level 2.6 Spellcasting
 + Level 2.4 Transmutations


You had 6 spell levels left.
You knew the following spells:

 Your Spells              Type           Power      Damage    Failure   Level
a - Beastly Appendage     Tmut           18%        N/A       8%          1

Your spell library contained the following spells:

 Spells                   Type           Power      Damage    Failure   Level
 Wereblood                Tmut           9%         N/A       11%         2
 Spider Form              Tmut/Pois      2%         N/A       34%         3
 Ice Form                 Ice/Tmut       5%         N/A       75%         4
 Hydra Form               Tmut           4%         N/A       90%         5


Dungeon Overview and Level Annotations

Branches:
Dungeon (2/15)

Altars:

Shops:
D:1 [[*(

Annotations:
D:2 Terence


Innate Abilities, Weirdness & Mutations

One of your tentacles has grown a beastly spike.
You cannot wear most types of armour.
You are amphibious.
You can wear up to eight rings at the same time.
Your skin changes colour to match your surroundings (Stealth+).
Your rubbery body absorbs attacks. (AC +1, EV +1)
((You are camouflaged near water. (Stealth+)))
You have tentacles for arms and can constrict up to eight enemies at once.


Message History

You start resting.
Your tentacle spike disappears.
You start resting.
HP restored.
Terence the Incautious comes into view.
He is wielding a +0 flail and carrying a wand of flame (26).
Terence zaps a wand.
The puff of flame misses you.
Casting: Beastly Appendage (safe; 8% risk of failure)
Confirm with . or Enter, or press ? or * to list all spells.
One of your tentacles grows a vicious spike.
Your transformation is almost over.
Terence zaps a wand.
The puff of flame misses you.
You tentacle-slap Terence but do no damage.
Your grab misses Terence. You squeeze Terence.
Terence is lightly wounded.
Terence hits you with a +0 flail!
You tentacle-slap Terence but do no damage.
You grab Terence.
Terence is lightly wounded.
You constrict Terence, but do no damage.
Terence closely misses you.
You tentacle-slap Terence.
You pierce Terence, but do no damage.
Terence is moderately wounded.
You constrict Terence, but do no damage.
Terence hits you with a +0 flail.
You are too injured to fight recklessly!
You are too injured to fight recklessly!
You tentacle-slap Terence but do no damage.
Terence is moderately wounded.
You constrict Terence, but do no damage.
Terence hits you with a +0 flail.
* * * LOW HITPOINT WARNING * * *
You tentacle-slap Terence but do no damage.
Your tentacle spike misses Terence.
You squeeze Terence.
Terence is heavily wounded.
You constrict Terence, but do no damage.
Terence drinks a potion.
Terence is healed!
You tentacle-slap Terence.
Terence is moderately wounded.
You constrict Terence. Terence hits you with a +0 flail!
You die...

#.#########
#....<....#
#.#######.# #.#
#########
#######.####........
...........@........
#######....#@######.
#....#.# ##....#.#
......#.#
###.####.######..
................
.............#..
...#.....#####


You could see Terence.

Vanquished Creatures
  Natasha (D:2)
  A ball python (D:1)
  4 bats (D:1)
  2 goblins (D:1)
  4 hobgoblins (D:1)
  4 jackals (D:1)
  A kobold (D:1)
  A quokka (D:1)
  2 frilled lizards (D:1)
  2 rats (D:1)
22 creatures vanquished.

Notes
Turn   | Place    | Note
-------+----------+-------------------------------------------
     0 | D:1      | senseless the Octopode Transmuter began the quest for the
                  | Orb.
     0 | D:1      | Reached XP level 1. HP: 13/13 MP: 3/3
   178 | D:1      | Found Liusac's Antique Armour Shop.
   296 | D:1      | Reached XP level 2. HP: 18/18 MP: 3/5
   389 | D:1      | Found Vashroun's Antique Weapon Shop.
   609 | D:1      | Found Bimpyg's Assorted Antiques.
   992 | D:1      | Reached XP level 3. HP: 20/23 MP: 4/6
  1064 | D:1      | Found Koraqubi's Antique Armour Boutique.
  1159 | D:2      | Noticed Natasha
  1165 | D:2      | Killed Natasha
  1166 | D:2      | Reached skill level 1 in Stealth
  1298 | D:2      | Noticed Terence
  1322 | D:2      | Slain by Terence

Illustrated notes

Levels and vault maps discovered:
D:1:      dpeg_arrival_tiny_f, layout_loops_corners, serial_shops, shop,
          nicolae_shop_trees, nicolae_shop_stone, shop
D:2:      layout_basic, hellmonk_ecumenical_altar_heavens_door,
          serial_park_tiny_2, uniq_natasha, uniq_terence

Skill      XL: |  1  2  3 |
---------------+----------+-----
Stealth        | 1 |  1.0
Fighting       | |  1.0
Dodging        | |  2.1
Unarmed Combat | |  3.6
Spellcasting   | |  2.6
Transmutations | |  2.4

Action                   || total
-------------------------++-------
Melee: Unarmed           ||    56
       Kick              ||    12
       Constrict         ||    12
       Tentacles         ||     6
       Punch             ||     2
 Cast: Beastly Appendage ||    19
  Use: Scroll            ||     3
 Stab: Sleeping          ||     4
Armor: Skin              ||     6
Dodge: Dodged            ||    27

Table legend: (Time is in decaauts)
 A = Elapsed time spent in this place.
 B = Non-inter-level travel time spent in this place.
 C = Inter-level travel time spent in this place.
 D = Time resting spent in this place.
 E = Time spent auto-exploring this place.
 F = Levels seen in this place.
 G = Mean time per level.
                   A        B        C        D        E       F      G
               +--------+--------+--------+--------+--------+-----+--------+
         Total |   1318 |   1292 |     26 |    109 |   1029 |   2 |  659.0 |
       Dungeon |   1318 |   1292 |     26 |    109 |   1029 |   2 |  659.0 |
               +--------+--------+--------+--------+--------+-----+--------+

Top non-repeatable levels by time:
     D:1: 1156 daAuts
     D:2: 162 daAuts
